| TOP OF THE 1ST |
|
San Jose Giants batting - Pitching for Tulsa Drillers : RHP Will Lane
|
|
Pitching: RHP Will Lane
|
|
|
Batting: RHB Laroya Foronda
|
0-0: Swinging Strike 0-1: SINGLE (Groundball, 6MD, EV 97.5 MPH)
|
|
Batting: LHB Ryan Braden
|
0-0: Ground out 4-3 (Groundball, 4MS, EV 68.1 MPH) Laroya Foronda to second
|
|
Batting: LHB Mike Roberts
|
0-0: Ball 1-0: Ball 2-0: Called Strike 2-1: Ball 3-1: Base on Balls
|
|
Batting: RHB Billy Pranger
|
0-0: Called Strike 0-1: Ball 1-1: Foul Ball, location: 2F 1-2: Ball 2-2: Ball 3-2: Fly out, F8 (Flyball, 8LD, EV 95.6 MPH) Runner from 2nd tags up, SAFE at 3rd with throw by CF
|
|
Batting: SHB Mitchell Greene
|
0-0: Called Strike 0-1: Called Strike 0-2: DOUBLE (Line Drive, 9LM, EV 88.1 MPH) Laroya Foronda scores Mike Roberts to third
|
|
Batting: RHB Guillermo Mojica
|
0-0: Ball 1-0: Ball 2-0: Swinging Strike 2-1: Ball 3-1: Foul Ball, location: 2F 3-2: Ground out 5-3 (Groundball, 56, EV 100.6 MPH)
|
| Top of the 1st over - 1 run, 2 hits, 0 errors, 2 left on base; San Jose 1 - Tulsa 0 |
| BOTTOM OF THE 1ST |
|
Tulsa Drillers batting - Pitching for San Jose Giants : RHP Jim Sprayberry
|
|
Pitching: RHP Jim Sprayberry
|
|
|
Batting: LHB Cory Bowler
|
0-0: Swinging Strike 0-1: Called Strike 0-2: Ground out 4-3 (Groundball, 4M, EV 90.6 MPH)
|
|
Batting: SHB Ray Luna
|
0-0: Called Strike 0-1: Ball 1-1: Ball 2-1: Ground out 4-3 (Groundball, 4, EV 91.2 MPH)
|
|
Batting: LHB Bobby Gonzalez
|
0-0: Swinging Strike 0-1: Foul Ball, location: 2F 0-2: Strikes out swinging
|
| Bottom of the 1st over - 0 runs, 0 hits, 0 errors, 0 left on base; San Jose 1 - Tulsa 0 |
| TOP OF THE 2ND |
|
San Jose Giants batting - Pitching for Tulsa Drillers : RHP Will Lane
|
|
Batting: RHB Mike Zepeda
|
0-0: Ball 1-0: Ball 2-0: Swinging Strike 2-1: Called Strike 2-2: Ball 3-2: Foul Ball, location: 2F 3-2: Base on Balls
|
|
Batting: LHB Yeong-hun Joe
|
0-0: Ball 1-0: Hit by Pitch Mike Zepeda to second
|
|
Batting: RHB Adam Noyes
|
0-0: Ball 1-0: Foul Ball, location: 2F 1-1: Foul Ball, location: 2F 1-2: Foul Ball, location: 2F 1-2: SINGLE (Groundball, 6MD, EV 97.5 MPH) Mike Zepeda to third Yeong-hun Joe to second
|
|
Batting: RHB Laroya Foronda
|
0-0: Called Strike 0-1: SINGLE (Line Drive, 7S, EV 101.2 MPH) Mike Zepeda scores Yeong-hun Joe to third Adam Noyes to second Runner from 3rd tries for Home, throw by LF and OUT! 7-2 Adam Noyes to third Laroya Foronda to second
|
|
Batting: LHB Ryan Braden
|
0-0: Ball 1-0: Swinging Strike 1-1: Ball 2-1: TRIPLE (Flyball, 8LXD, EV 93.8 MPH) Adam Noyes scores Laroya Foronda scores
|
|
Batting: LHB Mike Roberts
|
0-0: Ball 1-0: Ground out 3-1 (Groundball, 34, EV 106.2 MPH) Ryan Braden scores
|
|
Batting: RHB Billy Pranger
|
0-0: Called Strike 0-1: Ball 1-1: Ball 2-1: Ball 3-1: Called Strike 3-2: Strikes out swinging
|
| Top of the 2nd over - 4 runs, 3 hits, 0 errors, 0 left on base; San Jose 5 - Tulsa 0 |
| BOTTOM OF THE 2ND |
|
Tulsa Drillers batting - Pitching for San Jose Giants : RHP Jim Sprayberry
|
|
Batting: RHB Justin Curran
|
0-0: Called Strike 0-1: Ball 1-1: Ball 2-1: Ball 3-1: Base on Balls
|
|
Batting: RHB Jonathan Sotelo
|
0-0: Ball 1-0: Ball 2-0: Ball 3-0: Base on Balls Justin Curran to second
|
|
Batting: LHB Nate Kee
|
0-0: Called Strike 0-1: Foul Ball, location: 2F 0-2: Ball 1-2: Strikes out swinging
|
|
Batting: RHB Jerry Blas
|
0-0: Ball 1-0: DOUBLE (Line Drive, 3D, EV 103.8 MPH) Justin Curran scores Jonathan Sotelo to third Runner from 3rd tries for Home, SAFE, no throw by RF
|
|
Batting: LHB Randy Boone
|
0-0: Foul Ball, location: 2F 0-1: Ball 1-1: Foul Ball, location: 2F 1-2: Strikes out swinging
|
|
Batting: LHB Joe Phillips
|
0-0: Called Strike 0-1: Swinging Strike 0-2: Ball 1-2: Strikes out swinging
|
| Bottom of the 2nd over - 2 runs, 1 hit, 0 errors, 1 left on base; San Jose 5 - Tulsa 2 |
| TOP OF THE 3RD |
|
San Jose Giants batting - Pitching for Tulsa Drillers : RHP Will Lane
|
|
Batting: SHB Mitchell Greene
|
0-0: Ball 1-0: Called Strike 1-1: Called Strike 1-2: Foul Ball, location: 2F 1-2: Ball 2-2: Ball 3-2: Foul Ball, location: 2F 3-2: Base on Balls
|
|
Pitching: RHP Zach Snodgrass
|
|
|
Batting: RHB Guillermo Mojica
|
0-0: Ball 1-0: Called Strike 1-1: SINGLE (Line Drive, 6M, EV 99.4 MPH) Mitchell Greene to second
|
|
Batting: RHB Mike Zepeda
|
0-0: Foul Ball, location: 2F 0-1: Called Strike 0-2: Ball 1-2: Foul Ball, location: 2F 1-2: Ball 2-2: Strikes out swinging
|
|
Batting: LHB Yeong-hun Joe
|
0-0: Grounds into double play, U6-3 (Groundball, 4M, EV 83.1 MPH)
|
| Top of the 3rd over - 0 runs, 1 hit, 0 errors, 1 left on base; San Jose 5 - Tulsa 2 |
| BOTTOM OF THE 3RD |
|
Tulsa Drillers batting - Pitching for San Jose Giants : RHP Jim Sprayberry
|
|
Batting: LHB Cory Bowler
|
0-0: Ground out 4-3 (Groundball, 4M, EV 82.5 MPH)
|
|
Batting: SHB Ray Luna
|
0-0: Foul Ball, location: 2F 0-1: Ball 1-1: Foul Ball, location: 2F 1-2: Ball 2-2: Foul Ball, location: 2F 2-2: Fly out, F9 (Flyball, 9LM, EV 101.9 MPH)
|
|
Batting: LHB Bobby Gonzalez
|
0-0: Foul Ball, location: 2F 0-1: Ball 1-1: Swinging Strike 1-2: Strikes out looking
|
| Bottom of the 3rd over - 0 runs, 0 hits, 0 errors, 0 left on base; San Jose 5 - Tulsa 2 |
| TOP OF THE 4TH |
|
San Jose Giants batting - Pitching for Tulsa Drillers : RHP Zach Snodgrass
|
|
Batting: RHB Adam Noyes
|
0-0: Fly out, F5 (Line Drive, 5L, EV 73.1 MPH)
|
|
Batting: RHB Laroya Foronda
|
0-0: Called Strike 0-1: Swinging Strike 0-2: Foul Ball, location: 2F 0-2: Ball 1-2: Foul Ball, location: 2F 1-2: Fly out, F8 (Flyball, 8LXD, EV 106.2 MPH)
|
|
Batting: LHB Ryan Braden
|
0-0: Called Strike 0-1: Ball 1-1: Ball 2-1: Foul Ball, location: 2F 2-2: Strikes out swinging
|
| Top of the 4th over - 0 runs, 0 hits, 0 errors, 0 left on base; San Jose 5 - Tulsa 2 |
| BOTTOM OF THE 4TH |
|
Tulsa Drillers batting - Pitching for San Jose Giants : RHP Jim Sprayberry
|
|
Batting: RHB Justin Curran
|
0-0: Ball 1-0: Ball 2-0: Called Strike 2-1: Foul Ball, location: 2F 2-2: Foul Ball, location: 2F 2-2: Strikes out swinging
|
|
Batting: RHB Jonathan Sotelo
|
0-0: Swinging Strike 0-1: Foul Ball, location: 2F 0-2: Ball 1-2: Ball 2-2: Strikes out swinging
|
|
Batting: LHB Nate Kee
|
0-0: Ball 1-0: Called Strike 1-1: Foul Ball, location: 2F 1-2: Strikes out looking
|
| Bottom of the 4th over - 0 runs, 0 hits, 0 errors, 0 left on base; San Jose 5 - Tulsa 2 |
| TOP OF THE 5TH |
|
San Jose Giants batting - Pitching for Tulsa Drillers : RHP Zach Snodgrass
|
|
Batting: LHB Mike Roberts
|
0-0: Foul Ball, location: 2F 0-1: Ball 1-1: Ball 2-1: Swinging Strike 2-2: Ball 3-2: SINGLE (Line Drive, 8LS, EV 93.1 MPH)
|
|
Batting: RHB Billy Pranger
|
0-0: Ball 1-0: Swinging Strike 1-1: Foul Ball, location: 2F 1-2: Grounds into double play, 6-4-3 (Groundball, 6, EV 80.0 MPH)
|
|
Batting: SHB Mitchell Greene
|
0-0: Ball 1-0: Foul Ball, location: 2F 1-1: Ball 2-1: Foul Ball, location: 2F 2-2: Ball 3-2: Ground out 3-1 (Groundball, 34, EV 88.1 MPH)
|
| Top of the 5th over - 0 runs, 1 hit, 0 errors, 0 left on base; San Jose 5 - Tulsa 2 |
| BOTTOM OF THE 5TH |
|
Tulsa Drillers batting - Pitching for San Jose Giants : RHP Jim Sprayberry
|
|
Batting: RHB Jerry Blas
|
0-0: Ground out 5-3 (Groundball, 5S, EV 93.8 MPH)
|
|
Batting: LHB Randy Boone
|
0-0: Foul Ball, location: 2F 0-1: SINGLE (Groundball, 4MD, EV 96.9 MPH)
|
|
Batting: LHB Joe Phillips
|
0-0: Ball Randy Boone steals 2nd base (no throw) 1-0: SINGLE (Groundball, 4MD, EV 106.9 MPH) Randy Boone to third
|
|
Batting: LHB Cory Bowler
|
0-0: Ball 1-0: Foul Ball, location: 2F 1-1: Foul Ball, location: 2F 1-2: Fly out, F8 (Flyball, 8LM, EV 91.2 MPH)
|
|
Batting: SHB Ray Luna
|
0-0: Called Strike 0-1: Foul Ball, location: 2F 0-2: Ball 1-2: Strikes out swinging
|
| Bottom of the 5th over - 0 runs, 2 hits, 0 errors, 2 left on base; San Jose 5 - Tulsa 2 |
| TOP OF THE 6TH |
|
San Jose Giants batting - Pitching for Tulsa Drillers : RHP Zach Snodgrass
|
|
Batting: RHB Guillermo Mojica
|
0-0: Ball 1-0: Called Strike 1-1: Foul Ball, location: 2F 1-2: Foul Ball, location: 2F 1-2: Foul Ball, location: 2F 1-2: Ball 2-2: SOLO HOME RUN (Flyball, 7D, EV 96.9 MPH), Distance : 353 ft
|
|
Batting: RHB Mike Zepeda
|
0-0: Ball 1-0: Swinging Strike 1-1: Ground out 5-3 (Groundball, 56, EV 103.1 MPH)
|
|
Batting: LHB Yeong-hun Joe
|
0-0: Called Strike 0-1: Reached on error, E3 (Groundball, 34, EV 79.4 MPH)
|
|
Pitching: RHP Jon Schau
|
|
|
Batting: RHB Adam Noyes
|
0-0: Called Strike 0-1: Foul Ball, location: 2F 0-2: Hit by Pitch Yeong-hun Joe to second
|
|
Batting: RHB Laroya Foronda
|
0-0: Ball 1-0: Swinging Strike 1-1: Called Strike 1-2: Foul Ball, location: 2F 1-2: Strikes out swinging
|
|
Batting: LHB Ryan Braden
|
0-0: SINGLE (Groundball, P, EV 83.1 MPH) (infield hit) Yeong-hun Joe to third Adam Noyes to second
|
|
Batting: LHB Mike Roberts
|
0-0: Called Strike 0-1: Ball 1-1: Swinging Strike 1-2: Ball 2-2: Strikes out swinging
|
| Top of the 6th over - 1 run, 2 hits, 1 error, 3 left on base; San Jose 6 - Tulsa 2 |
| BOTTOM OF THE 6TH |
|
Tulsa Drillers batting - Pitching for San Jose Giants : RHP Jim Sprayberry
|
|
Batting: LHB Bobby Gonzalez
|
0-0: Ball 1-0: DOUBLE (Line Drive, 9LM, EV 95.6 MPH)
|
|
Batting: RHB Justin Curran
|
0-0: Ball 1-0: SINGLE (Groundball, 56D, EV 107.5 MPH) Bobby Gonzalez to third
|
|
Batting: RHB Jonathan Sotelo
|
0-0: Ball 1-0: Swinging Strike 1-1: Swinging Strike 1-2: Ground out 6-3 (Groundball, P, EV 87.5 MPH) Bobby Gonzalez scores Justin Curran to second
|
|
Batting: LHB Nate Kee
|
0-0: Called Strike 0-1: Ground out 4-3 (Groundball, 4, EV 81.2 MPH) Justin Curran to third
|
|
Batting: RHB Jerry Blas
|
0-0: Called Strike 0-1: Swinging Strike 0-2: Ball 1-2: Ball 2-2: Ball 3-2: Fly out, F5 (Line Drive, 5L, EV 64.4 MPH)
|
| Bottom of the 6th over - 1 run, 2 hits, 0 errors, 1 left on base; San Jose 6 - Tulsa 3 |
| TOP OF THE 7TH |
|
San Jose Giants batting - Pitching for Tulsa Drillers : RHP Jon Schau
|
|
Batting: RHB Billy Pranger
|
0-0: Ball 1-0: Ball 2-0: Foul Ball, location: 2F 2-1: Fly out, F8 (Line Drive, 8RM, EV 95.0 MPH)
|
|
Batting: SHB Mitchell Greene
|
0-0: Ball 1-0: Ball 2-0: Foul Ball, location: 2F 2-1: Called Strike 2-2: Strikes out swinging
|
|
Batting: RHB Guillermo Mojica
|
0-0: Ball 1-0: Ball 2-0: Called Strike 2-1: Ball 3-1: Fly out, F3 (Popup, 3S, EV 78.1 MPH)
|
| Top of the 7th over - 0 runs, 0 hits, 0 errors, 0 left on base; San Jose 6 - Tulsa 3 |
| BOTTOM OF THE 7TH |
|
Tulsa Drillers batting - Pitching for San Jose Giants : RHP Jim Sprayberry
|
|
Now at 1B: Tony Mendez
|
|
|
Now at 2B: Alex Belton
|
|
|
Batting: LHB Randy Boone
|
0-0: Ball 1-0: Called Strike 1-1: Called Strike 1-2: Ball 2-2: Strikes out looking
|
|
Pitching: RHP Steve Ryals
|
|
|
Batting: LHB Joe Phillips
|
0-0: Foul Ball, location: 2F 0-1: Swinging Strike 0-2: Ball 1-2: Ground out 4-3 (Groundball, 4, EV 106.9 MPH)
|
|
Batting: LHB Cory Bowler
|
0-0: Ball 1-0: Foul Ball, location: 2F 1-1: Foul Ball, location: 2F 1-2: Foul Ball, location: 2F 1-2: Ball 2-2: Ball 3-2: Strikes out swinging
|
| Bottom of the 7th over - 0 runs, 0 hits, 0 errors, 0 left on base; San Jose 6 - Tulsa 3 |
| TOP OF THE 8TH |
|
San Jose Giants batting - Pitching for Tulsa Drillers : RHP Jon Schau
|
|
Pitching: RHP Shane Walker
|
|
|
Batting: RHB Mike Zepeda
|
0-0: Called Strike 0-1: Ball 1-1: Ball 2-1: Ball 3-1: Ground out 5-3 (Groundball, 5, EV 81.9 MPH)
|
|
Batting: LHB Yeong-hun Joe
|
0-0: Ball 1-0: Called Strike 1-1: Foul Ball, location: 2F 1-2: Ground out 1-3 (Groundball, 34S, EV 71.9 MPH)
|
|
Batting: RHB Adam Noyes
|
0-0: Ball 1-0: Called Strike 1-1: SINGLE (Groundball, 6M, EV 108.1 MPH) (infield hit)
|
|
Batting: RHB Laroya Foronda
|
0-0: Ball 1-0: Ball 2-0: Ball Passed Ball! Adam Noyes to second 3-0: Called Strike 3-1: Swinging Strike 3-2: Strikes out swinging
|
| Top of the 8th over - 0 runs, 1 hit, 0 errors, 1 left on base; San Jose 6 - Tulsa 3 |
| BOTTOM OF THE 8TH |
|
Tulsa Drillers batting - Pitching for San Jose Giants : RHP Steve Ryals
|
|
Batting: SHB Ray Luna
|
0-0: Ball 1-0: Ball 2-0: Ball 3-0: Base on Balls
|
|
Batting: LHB Bobby Gonzalez
|
0-0: Ball 1-0: Fielders Choice at 2nd, 4-6 (Groundball, 4, EV 86.2 MPH)
|
|
Batting: RHB Justin Curran
|
0-0: Ball 1-0: Fly out, F4 (Popup, 3DF, EV 55.6 MPH)
|
|
Batting: RHB Jonathan Sotelo
|
0-0: Foul Ball, location: 2F 0-1: SINGLE (Groundball, 4MD, EV 100.6 MPH) Bobby Gonzalez to second Runner from 2nd tries for 3rd, SAFE, throw by CF made to third
|
|
Batting: LHB Nate Kee
|
0-0: Swinging Strike 0-1: Ball 1-1: Ball 2-1: Swinging Strike 2-2: Foul Ball, location: 2F 2-2: Strikes out swinging
|
| Bottom of the 8th over - 0 runs, 1 hit, 0 errors, 2 left on base; San Jose 6 - Tulsa 3 |
| TOP OF THE 9TH |
|
San Jose Giants batting - Pitching for Tulsa Drillers : RHP Shane Walker
|
|
Batting: LHB Ryan Braden
|
0-0: Called Strike 0-1: Swinging Strike 0-2: Ball 1-2: Ball 2-2: DOUBLE (Line Drive, 7LM, EV 103.8 MPH)
|
|
Batting: RHB Tony Mendez
|
0-0: Ball 1-0: Ball 2-0: Called Strike 2-1: Ball 3-1: Ground out U3 (Groundball, 13, EV 84.4 MPH) Ryan Braden to third
|
|
Batting: RHB Billy Pranger
|
0-0: Fly out, F9 (Flyball, 9S, EV 90.0 MPH) Runner from 3rd tags up, SCORES, throw by RF
|
|
Batting: SHB Mitchell Greene
|
0-0: Ground out 4-3 (Groundball, 4, EV 81.9 MPH)
|
| Top of the 9th over - 1 run, 1 hit, 0 errors, 0 left on base; San Jose 7 - Tulsa 3 |
| BOTTOM OF THE 9TH |
|
Tulsa Drillers batting - Pitching for San Jose Giants : RHP Steve Ryals
|
|
Pitching: RHP Danny MacKinnon
|
|
|
Batting: RHB Jerry Blas
|
0-0: Ground out 4-3 (Groundball, 4, EV 94.4 MPH)
|
|
Batting: LHB Randy Boone
|
0-0: Ball 1-0: Ground out 4-3 (Groundball, 4, EV 81.2 MPH)
|
|
Batting: LHB Joe Phillips
|
0-0: Ball 1-0: Called Strike 1-1: Ball 2-1: Fly out, F7 (Flyball, 7LS, EV 93.8 MPH)
|
| Bottom of the 9th over - 0 runs, 0 hits, 0 errors, 0 left on base; San Jose 7 - Tulsa 3 |
|